 Dungeon Crawl Stone Soup version 0.25-a0-265-g7af84ae0ac (webtiles) character file.

Game seed: 15339652777619692694, levelgen mode: classic

65 Borgoz the Chopper (level 4, -4/40 HPs)
             Began as a Hill Orc Monk on Dec 7, 2019.
             Slain by Crazy Yiuf
             ... wielding a +4 quarterstaff of chaos
              (14 damage)
             ... on level 2 of the Dungeon.
             The game lasted 00:01:36 (1672 turns).

Borgoz the Chopper (Hill Orc Monk)                  Turns: 1672, Time: 00:01:36

Health: -4/40      AC:  5    Str: 14    XL:     4   Next: 13%
Magic:  0/4        EV: 11    Int: 10    God:
Gold:   25         SH:  0    Dex: 13    Spells: 3/3 levels left

rFire    . . .     SeeInvis .   a - +0 hand axe
rCold    . . .     Gourm    .   (no shield)
rNeg     . . .     Faith    .   m - +0 ring mail
rPois    .         Spirit   .   (no helmet)
rElec    .         Reflect  .   (no cloak)
rCorr    .         Harm     .   (no gloves)
MR       .....                  (no boots)
Stlth    +.........             (no amulet)
HPRegen  0.13/turn              (no ring)
MPRegen  0.09/turn              (no ring)

@: lethally poisoned (-4 -> -22)
A: no striking features
a: no special abilities


You were on level 2 of the Dungeon.
You were not hungry.

You visited 1 branch of the dungeon, and saw 2 of its levels.

You collected 25 gold pieces.

Inventory:

Hand Weapons
 a - a +0 hand axe (weapon)
Armour
 m - a +0 ring mail (worn)
Scrolls
 d - 3 scrolls of identify {unknown}
 g - 2 scrolls of amnesia {unknown}
 h - a scroll of immolation {unknown}
 i - a scroll of remove curse {unknown}
 k - a scroll of fog {unknown}
Potions
 e - a potion of flight {unknown}
 f - a potion of mutation {unknown}
 l - a potion of haste {unknown}
Comestibles
 c - 2 rations


   Skills:
 + Level 4.3 Fighting
 + Level 4.7 Axes
 + Level 1.7 Armour
 + Level 2.9 Dodging
 - Level 1.5 Stealth


You had 3 spell levels left.
You didn't know any spells.
Your spell library was empty.

Dungeon Overview and Level Annotations

Branches:
Dungeon (2/15)

Altars:
The Shining One

Annotations:
D:2 Crazy Yiuf


Message History

Crazy Yiuf is severely wounded.
Crazy Yiuf hits you but does no damage.
You are poisoned.
You hit Crazy Yiuf.
Crazy Yiuf is almost dead.
You feel sick.
Crazy Yiuf hits you with a +4 quarterstaff of chaos!
You feel your power leaking away.
You barely miss Crazy Yiuf.
Crazy Yiuf is severely wounded.
You feel sick.
Crazy Yiuf hits you with a +4 quarterstaff of chaos.
* * * LOW HITPOINT WARNING * * *
You are lethally poisoned!
You hit Crazy Yiuf but do no damage.
Crazy Yiuf is severely wounded.
* * * LOW HITPOINT WARNING * * *
You feel sick.
Crazy Yiuf hits you with a +4 quarterstaff of chaos!
You die...

#.# #.# #.#.# #.#
###.###### #.# #.#.#
#.# (((......# #.#
#.#.# #.# .....#####
### ##### #.# ).(..#
#.# .....####
........#### ###
.....#.....## ###..)#
.....#.^....####@g...#
.....##......#..##...#
.....###....#.### ###
###### ######## # .#
.[.


You could see Crazy Yiuf.

Vanquished Creatures
  Jessica (D:2)
  An adder (D:2)
  An ooze (D:1)
  A giant cockroach (D:1)
  5 goblins
  7 hobgoblins (D:1)
  A quokka (D:2)
  A frilled lizard (D:1)
  4 kobolds
  3 rats (D:1)
25 creatures vanquished.

Notes
Turn   | Place    | Note
-------+----------+-------------------------------------------
     0 | D:1      | Borgoz the Hill Orc Monk began the quest for the Orb.
     0 | D:1      | Reached XP level 1. HP: 19/19 MP: 1/1
   224 | D:1      | Found a glowing golden altar of the Shining One.
   263 | D:1      | Reached XP level 2. HP: 23/27 MP: 2/2
   331 | D:1      | Reached skill level 1 in Armour
   955 | D:1      | Reached XP level 3. HP: 33/33 MP: 3/3
  1085 | D:2      | Noticed Jessica
  1115 | D:2      | Killed Jessica
  1115 | D:2      | Reached XP level 4. HP: 5/40 MP: 4/4
  1598 | D:2      | Found a runed translucent door.
  1599 | D:2      | Noticed Crazy Yiuf
  1672 | D:2      | Slain by Crazy Yiuf

Levels and vault maps discovered:
D:1:      eino_arrival_water_star, layout_loops_cross, tso_metal_star
D:2:      layout_loops_ring, kennysheep_jessica_study, uniq_robin,
          uniq_crazy_yiuf_cottage

Skill      XL: |  1  2 |
---------------+-------+-----
Armour         | 1 |  1.7
Fighting       | 4 |  4.3
Axes           | |  4.7
Dodging        | |  2.9
Stealth        | |  1.5

Action                   |  1- 3 |  4- 6 || total
-------------------------+-------+-------++-------
Melee: Hand axe          |    74 |    18 ||    92
  Use: Potion            |     1 |     1 ||     2
 Stab: Sleeping          |     1 |       ||     1
  Eat: Chunk             |     1 |     1 ||     2
Armor: Robe              |     4 |       ||     4
       Ring mail         |    18 |     6 ||    24
Dodge: Dodged            |    61 |     8 ||    69

Table legend:
 A = Non-vault XP
 B = Vault XP
 C = Vault XP percentage of total XP
 D = Non-vault monster count
 E = Vault monster count
 F = Vault count percentage of total count
                 A         B        C        D         E       F
            +---------+---------+-------+---------+---------+-------
      Total |      54 |      39 |  41.9 |      23 |       2 |   8.0
            +---------+---------+-------+---------+---------+-------
        D:1 |      35 |       0 |   0.0 |      18 |       0 |   0.0
        D:2 |      19 |      39 |  67.2 |       5 |       2 |  28.6
            +---------+---------+-------+---------+---------+-------
